 Dungeon Sprint DCSS version 0.26-a0-854-gdc81c2f471 (webtiles) character file.

Game seed: 16086545199266187146

497539 olmar the Dwarven Barricade (level 19, 220/226 HPs)
             Began as a Deep Dwarf Fighter on Nov 20, 2020.
             Was an Initiate of Gozag.
             Escaped with the Orb!
             The game lasted 00:34:25 (2280 turns).

olmar the Dwarven Barricade (Deep Dwarf Fighter)    Turns: 2280, Time: 00:34:25

Health: 220/226    AC: 54    Str: 36    XL:     19   Next: 45%
Magic:  46/46 (19) EV: 17    Int: 17    God:    Gozag
Gold:   19356      SH: 43    Dex: 14    Spells: 20/20 levels left

rFire    + + +     SeeInvis +   F - +18 lance "Wyrmbane" {slay drac, rPois rF+ rC+ AC+3}
rCold    + . .     Faith    .   H - +18 shield of the Gong {rElec rN+ MR+ EV-5}
rNeg     + + +     Spirit   .   G - +15 Maxwell's patent armour {-Cast -Tele rElec MR+ rCorr}
rPois    +         Reflect  +   v - +3 crown of Dyrovepreva {rElec Int+2 SInv}
rElec    +         Harm     .   c - +2 cloak {MR+}
rCorr    +         Rampage  .   Z - +1 pair of gloves of Grace {-Cast MR+ MP+9 Str+4}
MR       +++++     NoTele   +   V - +2 pair of boots {run} Stlth ++........NoCast +
                                L - amulet "Huwidob" {Reflect MP+9 Int+4 SH+5}
HPRegen  0.00/turn              W - ring of Qyleobug {rPois rF++ rN+ SInv}
MPRegen  0.30/turn              M - ring "Soovi" {*Slow MP+9 Str+6 Dex+2 Slay+5}

@: non-regenerating, studying Ice Magic, quick
A: damage resistance, heal wounds, negative energy resistance 1, sense
surroundings 3, no regeneration
0: Orb of Zot
a: Heal Wounds, Potion Petition, Call Merchant, Bribe Branch, Renounce Religion


You escaped.
You worshipped Gozag.
Gozag was extremely pleased with you.
You visited 1 branch You collected 33588 gold pieces.
You spent 3894 gold pieces at shops.
You paid 10338 gold pieces to Gozag.

Inventory:

Hand Weapons
 F - the +18 lance "Wyrmbane" (weapon) {slay drac, rPois rF+ rC+ AC+3}
   (You found it in the Dungeon)

   It affects your AC (+3).
   It protects you from fire.
   It protects you from cold.
   It protects you from poison.
Armour
 c - a +2 cloak of magic resistance (worn)
 v - the +3 crown of Dyrovepreva (worn) {rElec Int+2 SInv}
   (You bought it in a shop in the Dungeon)

   It affects your intelligence (+2).
   It insulates you from electricity.
   It lets you see invisible.
 x - the +0 pair of fencer's gloves {Riposte Dex+3}
   (You found it in the Dungeon)

   It affects your dexterity (+3).
 G - the +15 Maxwell's patent armour (worn) {-Cast -Tele rElec MR+ rCorr}
   (You found it in the Dungeon)

   It insulates you from electricity.
   It affects your resistance to hostile enchantments.
   It prevents spellcasting.
   It prevents most forms of teleportation.
   It provides partial protection from all sources of acid and corrosion.
 H - the +18 shield of the Gong (worn) {rElec rN+ MR+ EV-5}
   (You found it in the Dungeon)

   It affects your evasion (-5).
   It insulates you from electricity.
   It protects you from negative energy.
   It affects your resistance to hostile enchantments.
 V - a +2 pair of boots of running (worn)
 Z - the +1 pair of gloves of Grace (worn) {-Cast MR+ MP+9 Str+4}
   (You bought it in a shop in the Dungeon)

   It affects your strength (+4).
   It affects your resistance to hostile enchantments.
   It affects your magic capacity (+9).
   It prevents spellcasting.
Jewellery
 b - an uncursed amulet of reflection
 g - an uncursed ring of magical power
 m - the amulet "Ditzalor" {Spirit Str+4}
   (You found it in the Dungeon)

   [amulet of guardian spirit]

   It causes incoming damage to be split between your health and magic.
   It affects your strength (+4).
 y - the ring of Sibri {Fire rElec MR+ Dex-5}
   (You took it off a skeletal warrior in the Dungeon)

   [ring of fire]

   It enhances your fire magic.
   It affects your dexterity (-5).
   It protects you from fire.
   It makes you vulnerable to cold.
   It insulates you from electricity.
   It affects your resistance to hostile enchantments.
 z - the amulet "Xeirauf" {rPois rC+ MR- Regen+ Slay+2}
   (You found it in the Dungeon)

   [amulet of regeneration]

   It affects your accuracy and damage with ranged weapons and melee attacks
   (+2).
   It protects you from cold.
   It protects you from poison.
   It affects your resistance to hostile enchantments.
   It increases your rate of regeneration.
 B - the ring of the Garden {MR+ Stlth+}
   (You found it in the Dungeon)

   [ring of stealth]

   It affects your resistance to hostile enchantments.
   It makes you more stealthy.
 C - the ring "Naeng" {Wiz Int+4}
   (You found it in the Dungeon)

   [ring of wizardry]

   It improves your spell success rate.
   It affects your intelligence (+4).
 K - an uncursed ring of protection from fire
 L - the amulet "Huwidob" (around neck) {Reflect MP+9 Int+4 SH+5}
   (You found it in the Dungeon)

   [amulet of reflection]

   It shields you and reflects attacks.
   It affects your intelligence (+4).
   It affects your magic capacity (+9).
   It affects your SH (+5).
 M - the ring "Soovi" (right hand) {*Slow MP+9 Str+6 Dex+2 Slay+5}
   (You found it in the Dungeon)

   [ring of strength]

   It affects your strength (+6).
   It affects your dexterity (+2).
   It affects your accuracy and damage with ranged weapons and melee attacks
   (+5).
   It affects your magic capacity (+9).
   It may slow you when you take damage.
 N - the amulet "Xissoll" {Inacc +Inv rElec Dex-3 Stlth+}
   (You found it in the Dungeon)

   [amulet of inaccuracy]

   It reduces the accuracy of all your attacks.
   It affects your dexterity (-3).
   It insulates you from electricity.
   It lets you turn invisible.
   It makes you more stealthy.
 P - the cursed ring of Nobility {Str+2 Int-4}
   (You found it in the Dungeon)

   [ring of intelligence]

   It affects your strength (+2).
   It affects your intelligence (-4).
   It has a curse placed upon it.
 R - an uncursed ring of see invisible
 S - an uncursed ring of protection from cold
 U - the ring of Zotrun {Str+7 Stlth-}
   (You took it off a green draconian in the Dungeon)

   [ring of attention]

   It affects your strength (+7).
   It makes you less stealthy.
 W - the ring of Qyleobug (left hand) {rPois rF++ rN+ SInv}
   (You bought it in a shop in the Dungeon)

   [ring of positive energy]

   It greatly protects you from fire.
   It protects you from poison.
   It protects you from negative energy.
   It lets you see invisible.
 X - the ring of the Solstice {rC++ rCorr Int-5 Dex+5}
   (You bought it in a shop in the Dungeon)

   [ring of resist corrosion]

   It affects your intelligence (-5).
   It affects your dexterity (+5).
   It greatly protects you from cold.
   It provides partial protection from all sources of acid and corrosion.
 Y - a +6 ring of intelligence
Wands
 u - a wand of disintegration (6)
 w - a wand of acid (1)
Scrolls
 j - 4 scrolls of blinking
 o - 4 scrolls of amnesia
 p - 8 scrolls of fog
 q - a scroll of holy word
 r - 2 scrolls of identify
 s - 6 scrolls of remove curse
 t - 2 scrolls of fear
 A - 8 scrolls of enchant weapon
 D - 4 scrolls of enchant armour
 O - 10 scrolls of brand weapon
 T - a scroll of acquirement
Potions
 d - 4 potions of might
 f - a potion of attraction
 h - 7 potions of magic
 i - 2 potions of berserk rage
 k - 2 potions of brilliance
Books
 e - a manual of Ice Magic
Miscellaneous
 a - a phial of floods
 n - a phantom mirror
 E - a lightning rod (4/4)
 I - a tin of tremorstones (2/2)
 J - a condenser vane
 Q - a box of beasts


   Skills:
 O Level 27 Fighting
 + Level 1.2(1.5) Short Blades
 + Level 1.3(1.6) Long Blades
 + Level 1.5(21.6) Axes
 + Level 1.3(2.0) Maces & Flails
 O Level 27 Polearms
 + Level 1.2(18.8) Staves
 + Level 1.5(1.9) Slings
 + Level 1.0 Bows
 + Level 1.5 Crossbows
 + Level 1.2(1.5) Throwing
 O Level 27 Armour
 + Level 21.3 Dodging
 O Level 27 Stealth
 O Level 27 Shields
 + Level 1.6 Unarmed Combat
 + Level 1.1 Spellcasting
 + Level 2.6 Conjurations
 + Level 1.1 Hexes
 + Level 1.2 Summonings
 + Level 1.5 Necromancy
 + Level 1.7 Translocations
 + Level 1.2 Transmutations
 + Level 1.2 Fire Magic
 + Level 1.2 Ice Magic
 + Level 1.0 Air Magic
 + Level 1.9 Earth Magic
 + Level 1.1 Poison Magic
 + Level 1.9 Invocations
 O Level 27 Evocations


You had 20 spell levels left.
You didn't know any spells.
Your spell library was empty.

Dungeon Overview and Level Annotations

Branches:
Dungeon (1/1)

Altars:
Ashenzari
Cheibriados
Dithmenos
Elyvilon
Fedhas
Gozag
Hepliaklqana
Kikubaaqudgha
Makhleb
Nemelex Xobeh
Okawaru
Qazlal
Ru
Sif Muna
Trog
Uskayaw
Vehumet
Wu Jian
Xom
Yredelemnul
Zin
The Shining One
Beogh
Jiyva
Lugonu

Shops:
D [(*=[


Innate Abilities, Weirdness & Mutations

You are resistant to damage.
You can heal yourself by infusing magical energy.
You resist negative energy. (rN+)
You passively map a large area around you.
You do not regenerate.


Message History

the +4 long sword of Sharp Watchfulness {vorpal, Str+2 Int+3 Dex-3}; a +0 robe; an uncursed staff of fire
Press: ? - help, v - describe, . - travel, g - get item Item here: a +2 cloak of stealth.
Some shallow water.
Unknown command.
There is a transporter here.
An exit appears before you!
You enter the transporter and appear at another place.
Found the Orb of Zot.
Found a staircase leading out of the dungeon.
Unknown command.
You see here the Orb of Zot.
You pick up the Orb of Zot!
The Orb lets out a hideous shriek!
The lords of Pandemonium are not amused.
Beware!
Now all you have to do is get back out of the dungeon!
There is a staircase leading out of the dungeon here.
You can't go down here!
Unknown command.
You can't go down here!
You have escaped!

............▓≈.▓.≈≈≈.(≈▓..▓.≈.8©8
............▓.▓▓▓.≈(((▓▓▓≈▓≈.::}:
...)).).....▓..▓≈≈.(...▓≈≈▓..:}|)
....).......▓.....≈≈(≈(≈..▓.≈..)(
............▓≈(....©..(≈..▓.≈≈.).
............▓▓▓▓▓▓▓▓▓▓▓▓▓▓▓≈≈.)..
▓.......▓...▓8888888888888▓.≈.≈≈.
▓▓.....▓▓▓..▓8...........8▓≈.▓.≈.
▓.......▓...▓8..@§....©..8▓.▓.≈..
............▓8...........8▓≈≈≈.©(
....©.......▓8888888888888▓▓▓▓▓▓▓
▓▓▓▓▓▓▓▓▓▓▓▓▓▓▓▓▓▓▓▓▓▓▓▓▓▓▓▓▓▓▓▓▓
.....8©8........▓........8©8.....
|}.|):..|).|||).▓.[})==)":)))}):.
|.|.):::}:))|:).▓.}|:.|:[)||}}:)[
}}))|)|):.||:)|.▓.})=$)."|}")$)[:
................▓.....$$$|[)$$...


There were no monsters in sight!

Vanquished Creatures
  3 pandemonium lords (D)
  3 pearl dragons (D)
  A bone dragon (D)
  A Tzitzimitl (D)
  6 electric golems (D)
  A lich (D)
  9 titans (D)
  2 krakens (D)
  An eldritch tentacle (D)
  7 storm dragons (D)
  2 draconian monks (D)
  13 shadow dragons (D)
  2 fire giants (D)
  A draconian knight (D)
  2 daevas (D)
  4 ghost moths (D)
  2 draconian scorchers (D)
  3 angels (D)
  A balrug (D)
  An ironheart preserver (D)
  4 entropy weavers (D)
  A draconian shifter (D)
  2 stone giants (D)
  2 reapers (D)
  5 draconian stormcallers (D)
  A draconian annihilator (D)
  6 ghouls (D)
  6 black draconians (D)
  3 ophanim (D)
  11 green draconians (D)
  5 red draconians (D)
  3 white draconians (D)
  4 yellow draconians (D)
  9 purple draconians (D)
  A spark wasp (D)
  2 fire dragons (D)
  15 merfolk javelineers (D)
  7 merfolk impalers (D)
  A yaktaur captain (D)
  3 ice dragons (D)
  12 vault guards (D)
  5 spriggan air magi (D)
  6 merfolk aquamancers (D)
  An alligator snapping turtle (D)
  A satyr (D)
  3 merfolk avatars (D)
  2 hell hogs (D)
  11 soul eaters (D)
  A sun demon (D)
  A hell knight (D)
  2 deep elf knights (D)
  2 cherubim (D)
  7 skeletal warriors (D)
  2 death drakes (D)
  9 sea snakes (D)
  A flayed ghost (D)
  A shadow demon (D)
  A deep elf archer (D)
  A phantasmal warrior (D)
  A harpy (D)
  3 orb spiders (D)
  6 cyclopes (D)
  6 manticores (D)
  3 moths of wrath (D)
  4 wolf spiders (D)
  6 rust devils (D)
  6 merfolk sirens (D)
  3 water nymphs (D)
  3 toenail golems (D)
  A torpor snail (D)
  An orange demon (D)
  3 yaktaurs (D)
  A rime drake (D)
  3 hellions (D)
  An efreet (D)
  4 demonic crawlers (D)
  2 freezing wraiths (D)
  2 ice devils (D)
  2 polar bears (D)
  4 tormentors (D)
  10 merfolk (D)
  An ancient zyme (D)
  5 jumping spiders (D)
  11 wind drakes (D)
  A red devil (D)
  9 hornets (D)
  A slime creature (D)
  3 snapping turtles (D)
  A flying skull (D)
  5 redbacks (D)
  3 tarantellas (D)
  12 air elementals (D)
  A wyvern (D)
  A wraith (D)
  3 fire elementals (D)
  3 water elementals (D)
  3 shadows (D)
  A small abomination (D)
  A golden eye (D)
  11 insubstantial wisps (D)
  3 acid dragons (D)
  An ice beast (D)
  A swamp drake (D)
  5 hell hounds (D)
  3 orc warriors (D)
  3 necrophages (D)
  A boggart (D)
  2 centaurs (D)
  2 phantoms (D)
  3 wights (D)
  2 quasits (D)
  2 orc priests (D)
  2 jellies (D)
  4 iron imps (D)
  2 orc wizards (D)
  A mummy (D)
  3 shadow imps (D)
  2 white imps (D)
  An ooze (D)
  3 adder skeletons (D)
  14 adder zombies (D)
  An adder simulacrum (D)
  4 orcs (D)
  2 bat skeletons (D)
  11 bat zombies (D)
  3 ball python skeletons (D)
  A giant cockroach simulacrum (D)
  4 giant cockroach zombies (D)
  A jackal skeleton (D)
  3 jackal zombies (D)
  2 leopard gecko zombies (D)
  A quokka simulacrum (D)
  2 quokka skeletons (D)
  2 fire vortices (D)
  6 tentacles (D)
479 creatures vanquished.

Vanquished Creatures (collateral kills)
  A pandemonium lord (D)
  An Orb Guardian (D)
  A kraken (D)
  An eldritch tentacle (D)
  A storm dragon (D)
  4 daevas (D)
  2 fire giants (D)
  2 angels (D)
  3 ophanim (D)
  3 apis (D)
  2 purple draconians (D)
  A black draconian (D)
  A red draconian (D)
  2 merfolk javelineers (D)
  A merfolk impaler (D)
  A fire dragon (D)
  An ice dragon (D)
  3 merfolk aquamancers (D)
  A sea snake (D)
  A smoke demon (D)
  An efreet (D)
  A merfolk (D)
  A snapping turtle (D)
  A flying skull (D)
  A neqoxec (D)
  3 hell hounds (D)
41 creatures vanquished.

Vanquished Creatures (others)
  A draconian scorcher (D)
  A black draconian (D)
  A yellow draconian (D)
  3 green draconians (D)
  A purple draconian (D)
  A white draconian (D)
  A dancing weapon (D)
  A manticore (D)
  An insubstantial wisp (D)
  2 giant cockroach zombies (D)
  2 fire vortices (D)
  6 tentacles (D)
21 creatures vanquished.

Grand Total: 541 creatures vanquished

Notes
Turn   | Place    | Note
-------+----------+-------------------------------------------
     0 | D        | olmar the Deep Dwarf Fighter began the quest for the Orb.
     0 | D        | Reached XP level 1. HP: 20/20 MP: 1/1
     0 | D        | Found a shimmering blue altar of Sif Muna.
     0 | D        | Found a sacrificial altar of Ru.
     0 | D        | Found a bloodstained altar of Trog.
     0 | D        | Found a stormy altar of Qazlal.
     0 | D        | Found an iron altar of Okawaru.
     0 | D        | Found a sparkling altar of Nemelex Xobeh.
     0 | D        | Found a blossoming altar of Fedhas.
     1 | D        | Found the +6 Majin-Bo {vamp, MP+6 Int+6}
     1 | D        | Found the +9 heavy crossbow "Sniper" {vorpal, Acc+∞ SInv}
     1 | D        | Found the +10 dark maul {vorpal}
     1 | D        | Found the +15 Maxwell's patent armour {-Cast -Tele rElec
                  | MR+ rCorr}
     1 | D        | Found the +18 shield of the Gong {rElec rN+ MR+ EV-5}
     1 | D        | Found the cursed +14 obsidian axe {vorpal, +Fly SInv
                  | *Curse}
     1 | D        | Found the +7 great mace "Firestarter" {inner flame, rF++}
     1 | D        | Found the +6 shillelagh "Devastator" {shatter}
     1 | D        | Found the +11 plutonium sword {*Contam Stlth-}
     1 | D        | Found the +8 lance "Wyrmbane" {slay drac, rPois rF+ rC+
                  | AC+3}
     1 | D        | Found the +9 sword of Zonguldrok {reap}
     1 | D        | Found the cursed +13 scythe of Curses {drain, *Curse}
     1 | D        | Found the +0 sword of Power
     1 | D        | Found the +7 mace of Variability {chain chaos}
     1 | D        | Found the +7 Singing Sword {vorpal, sonic wave}
     1 | D        | Found the +8 storm bow {elec, penet}
     2 | D        | Found a transporter.
     2 | D        | Found an ancient bone altar of Kikubaaqudgha.
     2 | D        | Found a viscous altar of Jiyva.
     2 | D        | Found a corrupted altar of Lugonu.
     2 | D        | Found a hazy altar of Hepliaklqana.
     2 | D        | Found a burning altar of Makhleb.
     2 | D        | Found an opulent altar of Gozag.
    29 | D        | Became a worshipper of Gozag Ym Sagoz the Greedy
    59 | D        | Entered arena 2.
    59 | D        | Noticed an insubstantial wisp
    59 | D        | Noticed an air elemental
    59 | D        | Found a transporter.
    60 | D        | Found the +2 Maxwell's thermic engine {flame, freeze}
    62 | D        | Killed an insubstantial wisp
    68 | D        | Killed an air elemental
    69 | D        | Reached skill level 5 in Fighting
    69 | D        | Reached XP level 2. HP: 18/33 MP: 2/2
    69 | D        | Reached XP level 3. HP: 22/40 MP: 3/3
    69 | D        | Reached XP level 4. HP: 26/48 MP: 4/4
    69 | D        | Reached XP level 5. HP: 30/55 MP: 5/5
    76 | D        | Reached skill level 1 in Short Blades
    76 | D        | Reached skill level 1 in Long Blades
    76 | D        | Reached skill level 1 in Axes
    76 | D        | Reached skill level 1 in Maces & Flails
    76 | D        | Reached skill level 1 in Staves
    76 | D        | Reached skill level 1 in Slings
    76 | D        | Reached skill level 1 in Bows
    76 | D        | Reached skill level 1 in Crossbows
    76 | D        | Reached skill level 1 in Throwing
    76 | D        | Reached skill level 1 in Stealth
    76 | D        | Reached skill level 1 in Unarmed Combat
    76 | D        | Reached skill level 1 in Spellcasting
    76 | D        | Reached skill level 1 in Hexes
    76 | D        | Reached skill level 1 in Summonings
    76 | D        | Reached skill level 1 in Necromancy
    76 | D        | Reached skill level 1 in Translocations
    76 | D        | Reached skill level 1 in Transmutations
    76 | D        | Reached skill level 1 in Fire Magic
    76 | D        | Reached skill level 1 in Ice Magic
    76 | D        | Reached skill level 1 in Air Magic
    76 | D        | Reached skill level 1 in Earth Magic
    76 | D        | Reached skill level 1 in Poison Magic
    76 | D        | Reached skill level 1 in Invocations
    76 | D        | Reached XP level 6. HP: 55/62 MP: 5/7
    79 | D        | Entered arena 3.
    79 | D        | Noticed a toenail golem
    79 | D        | Noticed a toenail golem
    79 | D        | Noticed a toenail golem
    79 | D        | Found a transporter.
    93 | D        | Killed a toenail golem
    94 | D        | Reached XP level 7. HP: 72/72 MP: 6/8
    96 | D        | Killed a toenail golem
    97 | D        | Reached skill level 5 in Polearms
    99 | D        | Killed a toenail golem
   100 | D        | Reached skill level 10 in Shields
   100 | D        | Reached XP level 8. HP: 81/81 MP: 7/9
   116 | D        | Entered arena 4.
   116 | D        | Found a transporter.
   129 | D        | Got the cursed ring of Xexziofa {MR+ EV-4}
   134 | D        | Entered arena 5.
   134 | D        | Noticed a deep elf knight
   134 | D        | Noticed a +6 vorpal scimitar
   134 | D        | Noticed a deep elf archer
   134 | D        | Noticed a deep elf knight
   134 | D        | Found a transporter.
   137 | D        | Killed a deep elf knight
   138 | D        | Reached skill level 10 in Armour
   138 | D        | Reached skill level 5 in Evocations
   138 | D        | Killed a deep elf archer
   139 | D        | Gained mutation: You passively map the area around you.
                  | [Deep Dwarf growth]
   139 | D        | Reached XP level 9. HP: 91/91 MP: 10/10
   139 | D        | Killed a deep elf knight
   145 | D        | Killed a +6 vorpal scimitar
   146 | D        | Reached skill level 10 in Fighting
   163 | D        | Entered arena 6.
   163 | D        | Found a transporter.
   168 | D        | Reached XP level 10. HP: 102/102 MP: 11/11
   185 | D        | Entered arena 7.
   186 | D        | Found a transporter.
   216 | D        | Entered arena 8.
   216 | D        | Noticed a vault guard
   216 | D        | Noticed an ironheart preserver
   219 | D        | Found a transporter.
   222 | D        | Killed a vault guard
   223 | D        | Reached skill level 10 in Evocations
   227 | D        | Killed an ironheart preserver
   228 | D        | Reached skill level 15 in Shields
   247 | D        | Entered arena 9.
   248 | D        | Found a transporter.
   271 | D        | Got the amulet "Huwidob" {Reflect MP+9 Int+4 SH+5}
   277 | D        | Entered arena 10.
   278 | D        | Found a transporter.
   305 | D        | Got the ring "Soovi" {*Slow MP+9 Str+6 Dex+2 Slay+5}
   316 | D        | Entered arena 11.
   316 | D        | Noticed a cyclops
   316 | D        | Noticed a cyclops
   318 | D        | Found a transporter.
   321 | D        | Reached XP level 11. HP: 90/110 MP: 12/12
   332 | D        | Reached skill level 10 in Polearms
   409 | D        | Got the amulet "Xissoll" {Inacc +Inv rElec Dex-3 Stlth+}
   412 | D        | Entered arena 12.
   412 | D        | Noticed a death drake
   412 | D        | Noticed a death drake
   412 | D        | Noticed an ice dragon
   413 | D        | Found the +3 warlock's mirror {reflect}
   413 | D        | Noticed an ice dragon
   423 | D        | Killed a death drake
   428 | D        | Killed a death drake
   431 | D        | Found a transporter.
   440 | D        | Killed an ice dragon
   445 | D        | Killed an ice dragon
   463 | D        | Got the cursed ring of Nobility {Str+2 Int-4}
   474 | D        | Entered arena 13.
   474 | D        | Noticed a merfolk javelineer
   474 | D        | Noticed a merfolk javelineer
   476 | D        | Noticed a merfolk javelineer
   476 | D        | Noticed a merfolk avatar
   480 | D        | Killed a merfolk javelineer
   483 | D        | Killed a merfolk javelineer
   483 | D        | Killed a merfolk javelineer
   484 | D        | Reached XP level 12. HP: 71/120 MP: 13/13
   488 | D        | Killed a merfolk avatar
   493 | D        | Found a transporter.
   526 | D        | Entered arena 14.
   528 | D        | Noticed a balrug
   528 | D        | Noticed Vuojesam the pandemonium lord
   528 | D        | Noticed Laxzam the pandemonium lord
   528 | D        | Noticed Vysegg the pandemonium lord
   534 | D        | Noticed Vaunlyps the pandemonium lord
   536 | D        | Killed a balrug
   537 | D        | Reached skill level 15 in Evocations
   561 | D        | Killed Laxzam the pandemonium lord
   570 | D        | Killed Vuojesam the pandemonium lord
   571 | D        | Reached skill level 15 in Armour
   571 | D        | Reached XP level 13. HP: 110/130 MP: 14/14
   578 | D        | Killed Vysegg the pandemonium lord
   584 | D        | Killed Vaunlyps the pandemonium lord
   588 | D        | Found the +5 demon whip "Spellbinder" {antimagic, MR+}
   613 | D        | Found a transporter.
   648 | D        | Entered arena 15.
   650 | D        | Noticed a purple draconian
   650 | D        | Noticed a black draconian
   650 | D        | Noticed a red draconian
   650 | D        | Noticed a purple draconian
   650 | D        | Noticed a green draconian
   650 | D        | Noticed a red draconian
   650 | D        | Noticed a yellow draconian
   650 | D        | Noticed an Orb Guardian
   651 | D        | Noticed a purple draconian
   651 | D        | Noticed a black draconian
   651 | D        | Noticed a purple draconian
   651 | D        | Noticed a purple draconian
   653 | D        | Found a transporter.
   663 | D        | Killed a purple draconian
   664 | D        | Killed an Orb Guardian
   665 | D        | Gained mutation: You resist negative energy. (rN+) [Deep
                  | Dwarf growth]
   665 | D        | Reached XP level 14. HP: 99/141 MP: 15/15
   684 | D        | Reached skill level 15 in Polearms
   684 | D        | Reached skill level 10 in Stealth
   735 | D        | Entered arena 16.
   739 | D        | Found a transporter.
   744 | D        | Reached skill level 5 in Dodging
   823 | D        | Entered arena 17.
   826 | D        | Bought a +2 pair of boots of running for 788 gold pieces
   833 | D        | Bought the ring of Qyleobug {rPois rF++ rN+ SInv} for 899
                  | gold pieces
   833 | D        | Bought the ring of the Solstice {rC++ rCorr Int-5 Dex+5}
                  | for 756 gold pieces
   838 | D        | Noticed a lich
   839 | D        | Found the +7 Spriggan's Knife {stab, EV+4 Stlth+}
   839 | D        | Noticed a stone giant
   839 | D        | Noticed a stone giant
   843 | D        | Found the +9 staff of Wucad Mu {channel}
   843 | D        | Noticed a cacodemon
   848 | D        | Killed a stone giant
   861 | D        | Killed a stone giant
   867 | D        | Killed a lich
   877 | D        | Found a transporter.
   919 | D        | Entered arena 18.
   930 | D        | Found a transporter.
  1009 | D        | Entered arena 19.
  1014 | D        | Identified the +9 whip of the Eight Olives {freeze, rN+++
                  | MR- Str-3 Dex+8}
  1022 | D        | Reached XP level 15. HP: 125/152 MP: 16/16
  1031 | D        | Reached skill level 15 in Stealth
  1032 | D        | Found a transporter.
  1087 | D        | Entered arena 20.
  1097 | D        | Noticed a fire giant
  1097 | D        | Noticed a fire giant
  1097 | D        | Noticed a fire giant
  1097 | D        | Noticed a fire giant
  1098 | D        | Found the +8 trident of the Octopus King {venom, rElec
                  | rPois MR+}
  1109 | D        | Killed a fire giant
  1115 | D        | Killed a fire giant
  1116 | D        | Killed a fire giant
  1122 | D        | Reached skill level 15 in Fighting
  1128 | D        | Killed a fire giant
  1153 | D        | Found a transporter.
  1177 | D        | Entered arena 21.
  1186 | D        | Bought a potion of might for 104 gold pieces
  1186 | D        | Bought a potion of curing for 78 gold pieces
  1186 | D        | Bought a scroll of remove curse for 78 gold pieces
  1186 | D        | Bought a fuming pink potion for 23 gold pieces
  1192 | D        | Noticed a daeva
  1192 | D        | Noticed a daeva
  1195 | D        | Noticed a daeva
  1195 | D        | Noticed a pearl dragon
  1198 | D        | Noticed a pearl dragon
  1200 | D        | Killed a daeva
  1203 | D        | Identified the cursed +1 scale mail the Oily Catamount
                  | {Stlth+}
  1203 | D        | Noticed a daeva
  1203 | D        | Noticed a daeva
  1204 | D        | Noticed a pearl dragon
  1204 | D        | Killed a daeva
  1207 | D        | Identified the +8 hand axe "Ripterra" {holy, rC+}
  1208 | D        | Reached skill level 27 in Shields
  1208 | D        | Noticed a daeva
  1220 | D        | Killed a pearl dragon
  1226 | D        | Killed a pearl dragon
  1235 | D        | Killed a pearl dragon
  1236 | D        | Killed a daeva
  1239 | D        | Killed a daeva
  1241 | D        | Killed a daeva
  1242 | D        | Reached XP level 16. HP: 63/165 MP: 17/17
  1260 | D        | Found the +8 demon trident "Rift" {distort, reach+}
  1262 | D        | Found a transporter.
  1309 | D        | Entered arena 22.
  1315 | D        | Found the +8 longbow "Zephyr" {speed, Dex+3 SInv}
  1317 | D        | Noticed a bone dragon
  1319 | D        | Upgraded the game from 0.26-a0-850-g97a50ab700 to
                  | 0.26-a0-854-gdc81c2f471
  1331 | D        | Found a transporter.
  1338 | D        | Killed a bone dragon
  1449 | D        | Entered arena 23.
  1452 | D        | Bought a pair of bloodstained gloves for 190 gold pieces
  1452 | D        | Bought the +3 crown of Dyrovepreva {rElec Int+2 SInv} for
                  | 828 gold pieces
  1452 | D        | Found the +3 crown of Dyrovepreva {rElec Int+2 SInv}
  1473 | D        | Identified the +1 pair of gloves of Grace {-Cast MR+ MP+9
                  | Str+4} (You bought it in a shop in the Dungeon)
  1484 | D        | Bought a glowing cloak for 150 gold pieces
  1491 | D        | Noticed a shadow dragon
  1491 | D        | Noticed a shadow dragon
  1491 | D        | Noticed a shadow dragon
  1491 | D        | Noticed a shadow dragon
  1493 | D        | Noticed a shadow dragon
  1495 | D        | Noticed a shadow dragon
  1495 | D        | Noticed a shadow dragon
  1496 | D        | Noticed a shadow dragon
  1496 | D        | Identified the ring of Sibri {Fire rElec MR+ Dex-5}
  1497 | D        | Noticed a shadow dragon
  1501 | D        | Killed a shadow dragon
  1506 | D        | Killed a shadow dragon
  1519 | D        | Killed a shadow dragon
  1523 | D        | Killed a shadow dragon
  1527 | D        | Killed a shadow dragon
  1529 | D        | Killed a shadow dragon
  1530 | D        | Reached skill level 27 in Evocations
  1532 | D        | Killed a shadow dragon
  1538 | D        | Killed a shadow dragon
  1541 | D        | Killed a shadow dragon
  1616 | D        | Found a transporter.
  1636 | D        | Got the amulet "Xeirauf" {rPois rC+ MR- Regen+ Slay+2}
  1656 | D        | Entered arena 24.
  1663 | D        | Noticed a shadow dragon
  1664 | D        | Noticed a shadow dragon
  1665 | D        | Noticed a shadow dragon
  1665 | D        | Noticed a shadow dragon
  1665 | D        | Noticed a Tzitzimitl
  1666 | D        | Found the +10 zealot's sword {holy, *Rage rN+ EV+3}
  1687 | D        | Reached skill level 10 in Dodging
  1689 | D        | Killed a shadow dragon
  1689 | D        | Killed a shadow dragon
  1690 | D        | Killed a Tzitzimitl
  1691 | D        | Reached XP level 17. HP: 146/180 MP: 18/18
  1700 | D        | Found a transporter.
  1810 | D        | Entered arena 25.
  1849 | D        | Found the +0 pair of fencer's gloves {Riposte Dex+3}
  1855 | D        | Found a transporter.
  1874 | D        | Got the ring of the Garden {MR+ Stlth+}
  1882 | D        | Got the ring "Naeng" {Wiz Int+4}
  1952 | D        | Entered arena 26.
  1963 | D        | Identified the +5 morningstar of Cheibriados's Envy {flame,
                  | rN+ Int+3 Dex+4}
  1965 | D        | Identified the -3 cloak of the Eight Boll Weevils {+Blink
                  | rN+ Int-3}
  1966 | D        | Identified the amulet "Ditzalor" {Spirit Str+4}
  1968 | D        | Identified the +4 quarterstaff "Axerif" {drain, rF++}
  1969 | D        | Identified the ring of Zotrun {Str+7 Stlth-}
  1978 | D        | Reached skill level 27 in Stealth
  1980 | D        | Gained mutation: You passively map a large area around you.
                  | [Deep Dwarf growth]
  1980 | D        | Reached XP level 18. HP: 106/199 MP: 19/19
  1985 | D        | Found a transporter.
  2094 | D        | Entered arena 27.
  2103 | D        | Noticed an electric golem
  2104 | D        | Noticed an electric golem
  2104 | D        | Noticed an electric golem
  2108 | D        | Reached skill level 27 in Armour
  2109 | D        | Killed an electric golem
  2109 | D        | Killed an electric golem
  2110 | D        | Noticed an electric golem
  2111 | D        | Reached skill level 15 in Dodging
  2112 | D        | Noticed an electric golem
  2115 | D        | Noticed an electric golem
  2121 | D        | Killed an electric golem
  2125 | D        | Killed an electric golem
  2128 | D        | Killed an electric golem
  2139 | D        | Killed an electric golem
  2158 | D        | Found the cursed necklace of Bloodlust {*Rage +Rage MR++
                  | Int-3 Slay+6 *Curse}
  2158 | D        | Found the +12 glaive of Prune {vorpal}
  2158 | D        | Found a transporter.
  2182 | D        | Entered arena 28.
  2202 | D        | Identified the cursed +0 plate armour "Fotte" {rN+}
  2203 | D        | Identified the cursed +1 flail "Waqaice Vesch" {vorpal,
                  | +Blink +Rage rPois Stlth-}
  2207 | D        | Reached XP level 19. HP: 220/220 MP: 19/19
  2212 | D        | Identified the +7 falchion of Moral Flaws {holy, rPois
                  | rN+++ MP+9 Str-4}
  2213 | D        | Identified the +4 long sword of Sharp Watchfulness {vorpal,
                  | Str+2 Int+3 Dex-3}
  2213 | D        | Identified the ring of Koacez {rElec SInv}
  2223 | D        | Found a transporter.
  2224 | D        | Reached skill level 27 in Polearms
  2231 | D        | Reached skill level 27 in Fighting
  2275 | D        | Got the Orb of Zot
  2280 | D        | Escaped with the Orb!

Illustrated notes

Levels and vault maps discovered:
D:        sprint_v [room_start, room_1, room_2, room_3, room_4, room_5, room_6,
          room_7, room_8, room_9, room_10, room_11, room_12, room_13, room_14,
          room_15, room_16, room_17, room_18, room_19, room_20, room_21,
          room_22, room_23, room_24, room_25, room_26, room_27]

Skill      XL: |  1  2  3  4  5  6  7  8  9 10 11 12 13 14 15 16 17 18 19 |
---------------+----------------------------------------------------------+-----
Fighting       | 5 7 8 9 10 11 12 13 14 16 18 21 25 27 | 27.0
Polearms       | 3 4 5 7 8 9 12 14 16 17 18 21 25 27 | 27.0
Armour         | 7 8 9 10 11 12 13 15 16 19 22 26 27 | 27.0
Shields        | 7 9 10 12 13 15 18 21 22 25 27 | 27.0
Short Blades   | 1 |  1.2
Long Blades    | 1 |  1.3
Axes           | 1 |  1.5
Maces & Flails | 1 |  1.3
Staves         | 1 |  1.2
Slings         | 1 |  1.5
Bows           | 1 |  1.0
Crossbows      | 1 |  1.5
Throwing       | 1 |  1.2
Dodging        | 2 4 6 8 10 13 18 21 | 21.3
Stealth        | 1 6 9 14 17 22 27 | 27.0
Unarmed Combat | 1 |  1.6
Spellcasting   | 1 |  1.1
Conjurations   | 2 |  2.6
Hexes          | 1 |  1.1
Summonings     | 1 |  1.2
Necromancy     | 1 |  1.5
Translocations | 1 |  1.7
Transmutations | 1 |  1.2
Fire Magic     | 1 |  1.2
Ice Magic      | 1 |  1.2
Air Magic      | 1 |  1.0
Earth Magic    | 1 |  1.9
Poison Magic   | 1 |  1.1
Invocations    | 1 |  1.9
Evocations     | 2 3 4 6 8 12 14 17 19 21 25 27 | 27.0

Action                   |  1- 3 |  4- 6 |  7- 9 | 10-12 | 13-15 | 16-18 | 19-21 || total
-------------------------+-------+-------+-------+-------+-------+-------+-------++-------
Melee: Lance             |     6 |     9 |    11 |    91 |   157 |    92 |    12 ||   378
Invok: Call Merchant     |       |       |       |       |     4 |     1 |       ||     5
       Potion Petition   |       |       |       |       |     8 |     9 |       ||    17
 Abil: Heal Wounds       |       |       |       |     1 |     5 |    15 |       ||    21
Evoke: Wand              |     2 |       |     2 |     5 |     1 |     4 |       ||    14
       Lightning rod     |       |     4 |    11 |    18 |     7 |     9 |     8 ||    57
       Condenser vane    |       |       |       |     8 |    16 |    25 |     4 ||    53
       Box of beasts     |       |       |       |     3 |    14 |     5 |     1 ||    23
       Phantom mirror    |       |       |       |     1 |     7 |     3 |     1 ||    12
       Phial of floods   |       |       |       |       |     1 |       |     1 ||     2
       Tin of tremorston |       |       |       |       |       |    51 |       ||    51
  Use: Potion            |     1 |     3 |     1 |    14 |    14 |    13 |       ||    46
       Scroll            |       |       |       |       |     1 |     2 |       ||     3
 Stab: Distracted        |       |       |       |     1 |     8 |     2 |       ||    11
       Invisible         |       |       |       |       |       |       |     1 ||     1
Armor: Plate armour      |     4 |     6 |     1 |    32 |    94 |   143 |     5 ||   285
Dodge: Dodged            |       |       |     1 |     8 |    22 |    31 |     2 ||    64
Block: Kite shield       |    15 |    15 |    11 |   103 |   238 |   161 |     9 ||   552
       Reflection        |       |       |       |    11 |    16 |       |     5 ||    32

Table legend: (Time is in decaauts)
 A = Elapsed time spent in this place.
 B = Non-inter-level travel time spent in this place.
 C = Inter-level travel time spent in this place.
 D = Time resting spent in this place.
 E = Time spent auto-exploring this place.
 F = Levels seen in this place.
 G = Mean time per level.
                   A        B        C        D        E       F      G
               +--------+--------+--------+--------+--------+-----+--------+
         Total |   1969 |   1969 |      0 |    174 |      0 |   1 | 1969.0 |
       Dungeon |   1969 |   1969 |      0 |    174 |      0 |   1 | 1969.0 |
               +--------+--------+--------+--------+--------+-----+--------+

Top non-repeatable levels by time:
       D: 1969 daAuts
